Map: Radhuset Station LE

Players

chrono - Winner!

  • Race: Terran Terran
  • League: Diamond
  • Spawn Location: 7:00

Subwayeatn

  • Race: Zerg Zerg
  • League: Platinum
  • Spawn Location: 1:00

VOD

Have the link to the VOD?

Description

Time

  • Played on: Nov. 7, 2023, 4:53 p.m.
  • Length: 6:42
Show
View Real Time Build Order
Export as new Build Order

chrono Terran - Winner!

Build Orders: 2 Factory, Liberator Opening 

Get SALT Encoding   

  12  0:00  SCV  
  13  0:13  SCV  
  14  0:19  Supply Depot  
  14  0:25  SCV  
  15  0:40  SCV  
  16  0:46  Barracks  
  16  0:52  SCV  
  16  0:54  Refinery  
  17  1:04  SCV  
  17  1:06  Refinery  
  18  1:16  SCV  
  19  1:29  SCV  
  20  1:35  Barracks Reactor  
  20  1:37  Supply Depot  
  20  1:41  SCV  
  21  1:53  SCV  
  22  2:00  Factory  
  22  2:06  Orbital Command, Supply Depot  
  22  2:12  Reaper x2  
  24  2:30  Supply Depot  
  24  2:39  SCV  
  25  2:50  Starport  
  25  2:55  Hellion x2  
  25  2:56  Barracks Tech Lab  
  29  2:59  SCV  
  29  3:01  Factory  
  30  3:16  Hellion  
  30  3:17  Hellion  
  33  3:38  Hellion x2  
  36  3:42  Liberator  
  39  3:50  Supply Depot  
  39  3:51  Infernal Pre-Igniter  
  39  3:59  Hellion  
  39  4:00  Hellion  
  39  4:01  Siege Tank  
  46  4:17  Armory  
  46  4:21  Hellion  
  48  4:25  Hellion  
  50  4:39  Siege Tank  
  50  4:42  Hellion  
  55  4:47  Supply Depot  
  55  5:02  Hellion  
  55  5:04  Hellion  
  59  5:11  Supply Depot  
  59  5:34  Siege Tank  
  62  5:36  Hellion x2  
  66  5:58  Hellion x2  
Show
View Real Time Build Order
Export as new Build Order

Subwayeatn Zerg 

Build Orders: Hatch First 

Get SALT Encoding   

  12  0:00  Drone  
  13  0:12  Overlord  
  13  0:17  Drone  
  14  0:30  Drone x2  
  16  0:53  Hatchery  
  16  0:56  Drone  
  16  0:58  Drone  
  16  1:02  Drone  
  18  1:06  Extractor  
  17  1:20  Spawning Pool  
  16  1:30  Drone  
  16  1:31  Drone x2  
  19  1:41  Drone  
  20  1:53  Drone  
  21  2:03  Overlord  
  21  2:11  Metabolic Boost  
  21  2:12  Queen  
  21  2:14  Zergling x4  
  25  2:24  Queen  
  27  2:37  Drone  
  27  2:38  Drone x2  
  27  2:40  Drone  
  27  2:43  Drone  
  32  2:49  Overlord  
  32  2:59  Queen  
  34  3:14  Drone x5  
  34  3:16  Lair  
  38  3:43  Drone x2  
  38  3:44  Drone  
  38  3:45  Drone  
  38  3:46  Drone x2  
  44  3:49  Overlord  
  44  3:52  Overlord  
  44  4:02  Drone, Baneling Nest  
  44  4:05  Hatchery  
  44  4:08  Extractor, Drone  
  43  4:11  Drone x5  
  48  4:23  Spore Crawler  
  47  4:25  Spore Crawler  
  47  4:27  Spore Crawler  
  47  4:29  Drone, Spore Crawler  
  47  4:30  Drone x2, Spore Crawler  
  46  4:35  Queen  
  48  4:55  Queen  
  48  4:57  Centrifugal Hooks  
  50  5:01  Extractor  
  50  5:03  Drone x3  
  50  5:05  Drone  
  53  5:09  Drone x5, Hydralisk Den  
  53  5:11  Queen  
  59  5:21  Extractor, Overlord  
  58  5:30  Evolution Chamber  
  58  5:31  Zergling x2, Evolution Chamber  
  58  5:32  Zergling x12  
  63  5:38  Spine Crawler  
  63  5:41  Hydralisk, Spine Crawler  
  63  5:44  Overlord  
  63  6:03  Hydralisk  
  63  6:04  Hydralisk x5  
  75  6:19  Zergling x2  
  75  6:21  Overlord  
Tags
 
Add a new tag
Caveats
  • Supply blocks, unpowered buildings, or Contaminate may cause inaccurate times.
  • Supply counts are checked every 10 seconds.